[Event "Team 45 45 League T67"]
[Site "Internet Chess Club"]
[Date "2015.12.06"]
[Round "1"]
[White "fishhead"]
[Black "jjmolina"]
[Result "0-1"]
[WhiteElo "1879"]
[BlackElo "1790"]
[Opening "Ruy Lopez: closed, Chigorin, 12...c5d4"]
[ECO "C99"]
[Time "13:50:08"]
[TimeControl "2700+45"]

1. e4 e5 2. Nf3 Nc6 3. Bb5 a6 4. Ba4 Nf6 5. O-O Be7 6. Re1 b5 7. Bb3 d6 8. c3
O-O 9. h3 Na5 10. Bc2 c5 11. d4 Qc7 12. Nbd2 cxd4 13. cxd4 Nc6 14. Nf1 exd4 15.
Nxd4 Nxd4 {White resigns} 0-1

[Event "Team 45 45 League T67"]
[Site "Internet Chess Club"]
[Date "2015.12.05"]
[Round "1"]
[White "chess09"]
[Black "room-matt"]
[Result "1-0"]
[WhiteElo "1858"]
[BlackElo "1840"]
[Opening "Budapest: Adler variation"]
[ECO "A52"]
[Time "11:01:50"]
[TimeControl "2700+45"]

1. d4 Nf6 2. c4 e5 3. dxe5 Ng4 4. Nf3 Bc5 5. e3 Nc6 6. a3 O-O 7. b4 Be7 8. Bb2
Re8 9. h3 Nh6 10. Be2 b6 11. Nc3 Bb7 12. Nd5 a5 13. b5 Na7 14. Nxe7+ Qxe7 15.
O-O Nc8 16. Qd4 Qe6 17. Rfd1 Rd8 18. Qh4 Qe7 19. Qd4 Qe6 20. c5 Nf5 21. Qc3 bxc5
22. Qxc5 Qb6 23. Qc4 Nce7 24. Ng5 Nh6 25. Bd3 Ng6 26. Bd4 d5 27. exd6 Qxd6 28.
Bc5 Qf6 29. Be4 Bxe4 30. Nxe4 Qh4 31. Qc2 f5 32. Ng3 f4 33. exf4 Nxf4 34. Be3
Ne6 35. Qc6 Qf6 36. Ne4 Qe7 37. Nc5 Nxc5 38. Bxc5 Qf7 39. Be3 Nf5 40. Bg5 Rxd1+
41. Rxd1 Rf8 42. Qd5 a4 43. Qxf7+ Rxf7 44. Rd8+ Rf8 45. Rd7 Rf7 46. Rd8+ Rf8 47.
Rd5 h6 48. Bd8 Rf7 49. Bxc7 Rxc7 50. Rxf5 Rc1+ 51. Kh2 Rb1 52. Rf4 Rxb5 53. Rxa4
Kf7 54. Ra7+ Kf6 55. Kg3 g6 56. a4 Re5 57. a5 Re1 58. Ra8 Ke7 59. Kf4 Kd7 60.
Rh8 g5+ 61. Kg4 Ra1 62. Rxh6 Rxa5 63. Rg6 Ra2 64. Kxg5 Rxf2 65. g4 Ke7 66. Ra6
Rf8 67. h4 Kd7 68. h5 Rg8+ 69. Rg6 Rh8 70. h6 Ke7 71. Rg7+ Ke6 72. Kg6 {Black
resigns} 1-0

[Event "Team 45 45 League T67"]
[Site "Internet Chess Club"]
[Date "2015.12.06"]
[Round "1"]
[White "xt"]
[Black "fkramer"]
[Result "1-0"]
[WhiteElo "1765"]
[BlackElo "1751"]
[Opening "French: Chigorin variation"]
[ECO "C00"]
[Time "14:08:42"]
[TimeControl "2700+45"]

1. e4 e6 2. Qe2 d5 3. exd5 Qxd5 4. Nc3 Qd8 5. Nf3 Nc6 6. g3 b6 7. Bg2 Bb7 8. O-O
Nf6 9. d3 Be7 10. a3 O-O 11. Bd2 Rb8 12. Rfe1 a6 13. Rad1 Bd6 14. Bc1 Re8 15.
Ne4 Be7 16. Bg5 h6 17. Nxf6+ Bxf6 18. Bxf6 Qxf6 19. Ne5 Nxe5 20. Qxe5 Qxe5 21.
Rxe5 c5 22. d4 Bxg2 23. Kxg2 cxd4 24. Rxd4 Red8 25. Rxd8+ Rxd8 26. Re4 Rd2 27.
Rc4 Rd6 28. Kf3 Kf8 29. Rc7 g6 30. Ke3 Kg7 31. Rc4 e5 32. Rc3 Kf6 33. Rd3 Rxd3+
34. Kxd3 Ke6 35. c4 a5 36. b4 axb4 37. axb4 f5 38. Ke3 g5 39. f3 h5 40. h3 Kd6
41. g4 hxg4 42. hxg4 f4+ 43. Ke4 Ke6 44. c5 b5 45. c6 Kd6 46. c7 Kxc7 47. Kxe5
Kc6 48. Kf5 Kd5 49. Kxg5 Ke5 50. Kh6 Kd4 51. g5 Ke3 52. g6 Kxf3 53. g7 Ke2 54.
g8=Q f3 55. Qe8+ Kf2 56. Qxb5 Kg2 57. Qg5+ Kf2 58. Qf5 Ke2 59. b5 {Black
resigns} 1-0

[Event "Team 45 45 League T67"]
[Site "Internet Chess Club"]
[Date "2015.12.05"]
[Round "1"]
[White "Goli"]
[Black "cayo89"]
[Result "1-0"]
[WhiteElo "1659"]
[BlackElo "1620"]
[Opening "QP counter-gambit (elephant gambit)"]
[ECO "C40"]
[Time "07:04:26"]
[TimeControl "2700+45"]

1. e4 e5 2. Nf3 d5 3. exd5 e4 4. Qe2 f5 5. d3 Nf6 6. dxe4 fxe4 7. Nc3 Bf5 8. Bg5
Nbd7 9. Nd4 g6 10. O-O-O Bc5 11. Ne6 Qe7 12. Nxc7+ Kf7 13. Nxa8 Rxa8 14. f3
{Black resigns} 1-0

[Event "Team 45 45 League T67"]
[Site "Internet Chess Club"]
[Date "2015.12.01"]
[Round "1"]
[White "jerryicc"]
[Black "MikeTtheGuru"]
[Result "0-1"]
[WhiteElo "2066"]
[BlackElo "2064"]
[Opening "Caro-Kann: advance variation"]
[ECO "B12"]
[Time "21:47:26"]
[TimeControl "2700+45"]

1. e4 c6 2. d4 d5 3. e5 Bf5 4. Nf3 e6 5. Be2 Nd7 6. O-O Ne7 7. Be3 Bg4 8. h3
Bxf3 9. Bxf3 Nf5 10. c4 a5 11. b3 Be7 12. Nc3 Bb4 13. Ne2 b5 14. c5 a4 15. Bf4
O-O 16. a3 Ba5 17. b4 Bc7 18. Bg4 f6 19. Bxf5 exf5 20. e6 Nb8 21. Re1 Re8 22.
Bxc7 Qxc7 23. Nf4 Qxf4 24. g3 Qg5 25. h4 Qg4 26. Kg2 Qxd1 27. Raxd1 Re7 28. h5
Na6 29. Re3 Rae8 30. Rf3 g6 31. hxg6 hxg6 32. g4 f4 33. Rxf4 Rxe6 34. g5 fxg5
35. Rg4 Re1 36. Rd3 Nc7 37. Rxg5 Kg7 38. Rdg3 R8e6 39. R5g4 R1e2 40. Kf1 R2e4
41. Rxe4 Rxe4 42. Kg2 Rxd4 43. Re3 Kf6 44. Rf3+ Kg5 45. Rf8 Ne6 46. Rc8 Rg4+ 47.
Kf3 Re4 48. Kg2 Nd4 49. Rg8 Nc2 50. Rc8 Re6 {White resigns} 0-1

[Event "Team 45 45 League T67"]
[Site "Internet Chess Club"]
[Date "2015.12.13"]
[Round "1"]
[White "jjimalo"]
[Black "AH2012"]
[Result "1-0"]
[WhiteElo "1809"]
[BlackElo "1757"]
[Opening "Ruy Lopez: 5.O-O"]
[ECO "C78"]
[Time "11:30:49"]
[TimeControl "2700+45"]

1. e4 e5 2. Nf3 Nc6 3. Bb5 a6 4. Ba4 Nf6 5. O-O b5 6. Bb3 Bc5 7. d3 d6 8. h3 O-O
9. c3 Bb7 10. Bg5 h6 11. Bh4 a5 12. a4 b4 13. Nbd2 Ba6 14. Nc4 bxc3 15. bxc3 Rb8
16. Rb1 g5 17. Bg3 Nh5 18. Bh2 Nf6 19. Qd2 Qd7 20. Ne3 Rb7 21. Nf5 Kh7 22. Nxg5+
Kg6 23. Nh7 Ng8 24. Nxf8+ Kf6 25. Nxd7+ Kg6 26. Nxc5 Rb8 27. Nxa6 Rb6 28. Nxc7
{Black resigns} 1-0

[Event "Team 45 45 League T67"]
[Site "Internet Chess Club"]
[Date "2015.12.05"]
[Round "1"]
[White "anishio"]
[Black "elmaestro"]
[Result "0-1"]
[WhiteElo "1781"]
[BlackElo "1767"]
[Opening "Sicilian: Scheveningen (Paulsen), classical variation"]
[ECO "B84"]
[Time "23:14:16"]
[TimeControl "2700+45"]

1. e4 c5 2. Nf3 d6 3. d4 cxd4 4. Nxd4 Nf6 5. Nc3 a6 6. Be2 e6 7. Be3 Be7 8. Qd2
O-O 9. f3 Bd7 10. O-O-O Qc7 11. g4 Nc6 12. h4 Ne5 13. Rdg1 Nc4 14. Bxc4 Qxc4 15.
h5 b5 16. g5 b4 17. Nb1 Ne8 18. b3 Qc7 19. Qxb4 a5 20. Qc3 Qb7 21. h6 g6 22. Ne2
e5 23. Ng3 a4 24. Kb2 axb3 25. cxb3 Qa6 26. a3 d5 27. b4 d4 28. Bxd4 exd4 29.
Qxd4 Be6 30. Rc1 Bxg5 31. Rc5 Rd8 32. Qc3 Rd3 33. Qc2 Rb3+ 34. Ka1 Rxa3+ 35.
Nxa3 Qxa3+ 36. Kb1 Qxb4+ 37. Ka1 Nd6 {White resigns} 0-1

[Event "Team 45 45 League T67"]
[Site "Internet Chess Club"]
[Date "2015.12.07"]
[Round "1"]
[White "pishd"]
[Black "LN09102Q"]
[Result "1-0"]
[WhiteElo "1820"]
[BlackElo "1640"]
[Opening "King's Indian: East Indian defense"]
[ECO "A48"]
[Time "09:07:28"]
[TimeControl "2700+45"]

1. d4 Nf6 2. Nf3 g6 3. e3 Bg7 4. Be2 O-O 5. O-O d5 6. b4 Bg4 7. Nbd2 Nbd7 8. h3
Bf5 9. c4 c6 10. Bb2 Ne4 11. Nb3 Nef6 12. a4 b6 13. Rc1 Rc8 14. c5 Ne4 15. Nbd2
bxc5 16. Nxe4 Bxe4 17. bxc5 Rb8 18. Bc3 Bf5 19. g4 Be6 20. Ng5 Nf6 21. Nxe6 fxe6
22. f3 Nd7 23. f4 Qc7 24. Qd2 Nf6 25. Ba5 Ne4 26. Bxc7 Nxd2 27. Rfe1 Rb7 28. Rc2
Rxc7 29. Rxd2 Rb7 30. g5 Rb4 31. Bg4 Kf7 32. a5 Ra4 33. Rb2 Rxa5 34. Rb7 Rc8 35.
Reb1 Ra2 36. Rd7 a5 37. Rbb7 Bf8 38. Rd6 a4 39. Bxe6+ Ke8 40. Bd7+ Kd8 41. Rxc6
Rxc6 42. Bxc6 a3 43. Bxd5 Ra1+ 44. Kf2 Kc8 45. Ra7 Kb8 46. Ra8+ Kc7 47. Rxf8 a2
48. Ra8 {Black resigns} 1-0

[Event "Team 45 45 League T67"]
[Site "Internet Chess Club"]
[Date "2015.12.06"]
[Round "1"]
[White "roji"]
[Black "jonesey"]
[Result "0-1"]
[WhiteElo "1832"]
[BlackElo "2001"]
[Opening "Ruy Lopez: Anderssen variation"]
[ECO "C77"]
[Time "07:02:11"]
[TimeControl "2700+45"]

1. e4 e5 2. Nf3 Nc6 3. Bb5 a6 4. Ba4 Nf6 5. d3 d6 6. c3 g6 7. Nbd2 Bg7 8. Nf1
O-O 9. Ne3 Bd7 10. O-O Kh8 11. Bc2 Ng4 12. Nd5 f5 13. Bg5 Nf6 14. Qd2 Ne7 15.
Nxf6 Bxf6 16. d4 Bxg5 17. Nxg5 Nc6 18. exf5 gxf5 19. d5 Ne7 20. f4 Ng6 21. fxe5
dxe5 22. Qe2 Qxg5 23. Rf3 f4 24. Bxg6 hxg6 25. h3 Rae8 26. Qd2 e4 27. h4 Qxh4
28. Qd4+ Kh7 29. Rf2 Rf5 30. Re1 Rh5 31. Kf1 Qh1+ 32. Ke2 Bg4+ 33. Kd2 e3+ 34.
Rxe3 Qd1# {White checkmated} 0-1

[Event "Team 45 45 League T67"]
[Site "Internet Chess Club"]
[Date "2015.12.08"]
[Round "1"]
[White "fledermaus"]
[Black "NAS"]
[Result "1-0"]
[WhiteElo "1892"]
[BlackElo "1719"]
[Opening "Queen's pawn game"]
[ECO "E20"]
[Time "15:02:54"]
[TimeControl "2700+45"]

1. d4 Nf6 2. c4 e6 3. Nc3 b6 4. e4 d6 5. Nf3 Bb7 6. Qc2 Be7 7. Be2 O-O 8. O-O
Nfd7 9. Rd1 Nc6 10. a3 f5 11. d5 Nce5 12. Nd4 f4 13. Nxe6 Qe8 14. Bxf4 Rf6 15.
Bxe5 dxe5 16. Nxc7 Qf7 17. Nxa8 Bxa8 18. b4 Bb7 {Black resigns} 1-0

[Event "Team 45 45 League T67"]
[Site "Internet Chess Club"]
[Date "2015.12.06"]
[Round "1"]
[White "parrot9"]
[Black "QuieroAprender"]
[Result "1-0"]
[WhiteElo "1656"]
[BlackElo "1614"]
[Opening "KGA: Cunningham defense"]
[ECO "C35"]
[Time "14:32:49"]
[TimeControl "2700+45"]

1. e4 e5 2. f4 exf4 3. Nf3 Be7 4. Bc4 Bh4+ 5. Kf1 d6 6. d4 Bg4 7. Bxf4 h6 8. h3
Be6 9. Bd3 Bf6 10. Kf2 g5 11. Be3 g4 12. hxg4 Bxg4 13. Nbd2 Nc6 14. c3 h5 15.
Qb3 Na5 16. Qa4+ c6 17. b4 b5 18. Qxa5 Bxf3 19. Qxd8+ Rxd8 20. Nxf3 c5 21. Bxb5+
Kf8 22. e5 cxd4 23. cxd4 dxe5 24. dxe5 Be7 25. a3 Rb8 26. Bc4 Nh6 27. Bxa7 Ng4+
28. Ke2 Rc8 29. Bd3 Kg7 30. Bd4 f6 31. exf6+ Bxf6 32. Bxf6+ Kxf6 33. Rhc1 Rhe8+
34. Kf1 Ne3+ 35. Kf2 Ng4+ 36. Kg1 Rcd8 37. Rc6+ Kf7 38. Bg6+ {Black resigns} 1-0

[Event "Team 45 45 League T67"]
[Site "Internet Chess Club"]
[Date "2015.12.12"]
[Round "1"]
[White "Percival"]
[Black "Jack-ONeill"]
[Result "1/2-1/2"]
[WhiteElo "2198"]
[BlackElo "2009"]
[Opening "QGD: exchange, positional line, 6.Qc2"]
[ECO "D36"]
[Time "06:00:32"]
[TimeControl "2700+45"]

1. d4 d5 2. c4 e6 3. Nc3 Nf6 4. cxd5 exd5 5. Bg5 c6 6. Qc2 Be7 7. e3 Nbd7 8. Bd3
Nh5 9. Bxe7 Qxe7 10. Nf3 Nf4 11. O-O Nxd3 12. Qxd3 O-O 13. Rab1 a5 14. Rfe1 Nb6
15. Nd2 Be6 16. f3 Rad8 17. Rbd1 Rfe8 18. Qc2 h6 19. Na4 Nxa4 20. Qxa4 Qb4 21.
Qc2 a4 22. a3 Qa5 23. Nb1 Ra8 24. Nc3 Qa7 25. Qf2 Qb6 26. Rd2 Red8 27. e4 dxe4
28. fxe4 Bb3 29. d5 Qc7 30. Qd4 Qa5 31. d6 Rd7 32. e5 Re8 33. Rde2 Re6 34. Re3
f6 35. Qf4 Qc5 36. Nxa4 Bxa4 37. Qxa4 Rxe5 38. Qb3+ Kh8 39. Kh1 Rxe3 40. Qxe3
Qxe3 41. Rxe3 Rxd6 42. h3 Rd2 43. Rb3 b5 44. Rc3 Rxb2 45. Rxc6 Kh7 46. Rb6 Kg6
47. a4 b4 48. Rb7 h5 49. Kh2 Kh6 50. h4 b3 51. a5 Ra2 52. Rxb3 Rxa5 53. Rb6 Ra4
54. g3 Kg6 55. Rb7 Rg4 56. Kh3 Rc4 57. Ra7 Rb4 58. Rc7 Ra4 59. Rb7 Ra6 60. Rc7
Kh6 61. Rc8 Ra7 62. Rc6 Kg6 63. Rb6 Re7 64. Ra6 Kf5 65. Ra5+ Re5 66. Ra7 g6 67.
Rb7 Ra5 68. Re7 Ra3 69. Rb7 Re3 70. Rb5+ Ke4 71. Rb4+ Kf5 72. Rb5+ Re5 73. Rb8
Ke4 74. Rb4+ Ke3 75. Rb3+ Kf2 76. Rb2+ Re2 77. Rb5 Ra2 78. Rc5 Rb2 79. Ra5 Rd2
80. Rb5 Rd1 81. Rb2+ Kg1 82. Rb5 Re1 83. Ra5 f5 84. Ra2 Kf1 85. Ra4 Re3 86. Ra1+
Kf2 87. Ra2+ Re2 88. Ra4 f4 89. gxf4 Re3+ 90. Kh2 Re6 91. Ra3 Rf6 92. Rg3 Rxf4
93. Rg2+ Kf3 94. Rg3+ Ke4 95. Rxg6 Rxh4+ 96. Kg3 Rh1 97. Kg2 Ra1 98. Rg5 Ra2+
99. Kh3 Kf4 100. Rxh5 Ra3+ {Game drawn by mutual agreement} 1/2-1/2

[Event "Team 45 45 League T67"]
[Site "Internet Chess Club"]
[Date "2015.12.05"]
[Round "1"]
[White "Ptzz"]
[Black "GreyWarden"]
[Result "0-1"]
[WhiteElo "1964"]
[BlackElo "1925"]
[Opening "King's Indian: orthodox, Aronin-Taimanov, bayonet attack"]
[ECO "E97"]
[Time "07:00:32"]
[TimeControl "2700+45"]

1. d4 Nf6 2. c4 g6 3. Nc3 Bg7 4. e4 d6 5. Be2 O-O 6. Nf3 e5 7. O-O Nc6 8. d5 Ne7
9. b4 Nh5 10. Re1 Nf4 11. Bf1 a5 12. bxa5 Rxa5 13. a4 c5 14. Bd2 Ra6 15. Rb1 h6
16. Qc2 g5 17. Kh1 Neg6 18. Ng1 g4 19. g3 Nh3 20. Nxh3 gxh3 21. Bd3 Qf6 22. f4
exf4 23. e5 Nxe5 24. Bh7+ Kh8 25. Ne4 Qd8 26. gxf4 Nf3 27. Rg1 f5 28. Bc3 Nd4
29. Qb2 Kxh7 30. Rxg7+ Kxg7 31. Bxd4+ cxd4 32. Qxd4+ Kf7 33. Rg1 Rg8 34. Rxg8
Qxg8 35. Qf6+ Ke8 {White resigns} 0-1

[Event "Team 45 45 League T67"]
[Site "Internet Chess Club"]
[Date "2015.12.08"]
[Round "1"]
[White "EndgamesMaster"]
[Black "Holgate"]
[Result "1-0"]
[WhiteElo "2238"]
[BlackElo "2026"]
[Opening "Sicilian: Nimzovich-Rossolimo attack (with ...g6, without ...d6)"]
[ECO "B31"]
[Time "15:27:06"]
[TimeControl "2700+45"]

1. e4 c5 2. Nf3 Nc6 3. Bb5 g6 4. O-O Bg7 5. Re1 e6 6. Bxc6 dxc6 7. e5 Ne7 8. d3
h6 9. Nc3 b6 10. Ne4 Nf5 11. g4 Nd4 12. Nd6+ Kf8 13. Nxd4 cxd4 14. Qf3 Qc7 15.
Qe4 Bd7 16. Bd2 Rd8 17. Qxd4 c5 18. Qf4 Bc6 19. a4 g5 20. Qg3 Ba8 21. a5 Rxd6
22. exd6 Qc6 23. Re4 f5 24. gxf5 exf5 25. Qf3 Qc8 26. axb6 Bxe4 27. dxe4 axb6
28. exf5 {Black resigns} 1-0

[Event "Team 45 45 League T67"]
[Site "Internet Chess Club"]
[Date "2015.12.06"]
[Round "1"]
[White "Tobiasdelmonte"]
[Black "kidcobra"]
[Result "0-1"]
[WhiteElo "1798"]
[BlackElo "1880"]
[Opening "Budapest defense declined"]
[ECO "A51"]
[Time "20:01:12"]
[TimeControl "2700+45"]

1. d4 Nf6 2. c4 e5 3. d5 Bc5 4. Bg5 Bxf2+ 5. Kxf2 Ng4+ 6. Ke1 Qxg5 7. Nf3 Qe3 8.
Na3 Nf2 9. Qb3 Qxb3 10. axb3 Nxh1 11. Nb5 Na6 12. Rxa6 bxa6 13. Nxc7+ Kd8 14.
Nxa8 d6 15. g3 Bb7 16. Ng5 Ke7 17. Nc7 Rc8 18. Nxa6 Bxa6 19. Bg2 Rb8 20. Bxh1
Rxb3 21. Be4 h6 22. Nf3 Bxc4 23. Nd2 Rb4 {White resigns} 0-1

[Event "Team 45 45 League T67"]
[Site "Internet Chess Club"]
[Date "2015.12.06"]
[Round "1"]
[White "SlimeDog2"]
[Black "junard"]
[Result "0-1"]
[WhiteElo "2018"]
[BlackElo "1976"]
[Opening "QGD Slav: 4.e3"]
[ECO "D11"]
[Time "00:00:33"]
[TimeControl "2700+45"]

1. d4 d5 2. c4 c6 3. Nf3 Nf6 4. e3 a6 5. Nc3 b5 6. b3 Bg4 7. Be2 e6 8. O-O Bd6
9. h3 Bh5 10. Ne5 Bxe2 11. Qxe2 O-O 12. Bd2 Nfd7 13. f4 f5 14. Rfc1 Nxe5 15.
fxe5 Be7 16. cxb5 cxb5 17. a4 b4 18. Na2 Qb6 19. Rc2 Nc6 20. Nc1 Nxd4 21. exd4
Qxd4+ 22. Qe3 Qxa1 23. Rc7 Rfe8 24. Qg3 Rac8 25. Bh6 g6 {White resigns} 0-1

[Event "Team 45 45 League T67"]
[Site "Internet Chess Club"]
[Date "2015.12.05"]
[Round "1"]
[White "cysk"]
[Black "laurenpar"]
[Result "1/2-1/2"]
[WhiteElo "1836"]
[BlackElo "1943"]
[Opening "Nimzovich-Larsen attack: modern variation"]
[ECO "A01"]
[Time "23:31:20"]
[TimeControl "2700+45"]

1. b3 e5 2. Bb2 d6 3. e3 Nf6 4. d4 Nbd7 5. Nc3 g6 6. dxe5 dxe5 7. Nf3 Bg7 8. Bc4
O-O 9. O-O h6 10. Qd3 Kh7 11. Ba3 c5 12. Ne4 Nxe4 13. Qxe4 f5 14. Qh4 e4 15.
Rad1 Bf6 16. Qg3 Qa5 17. Nh4 Bxh4 18. Qxh4 g5 19. Qg3 Qxa3 20. Qd6 Qb2 21. Be6
Qg7 22. Bxd7 Rf6 23. Qd5 Bxd7 24. Qxd7 Rf7 25. Qd5 Re8 26. Qxc5 b6 27. Qd4 Qg6
{Game drawn by mutual agreement} 1/2-1/2

[Event "Team 45 45 League T67"]
[Site "Internet Chess Club"]
[Date "2015.12.06"]
[Round "1"]
[White "gera-carp75"]
[Black "sockbuf"]
[Result "1-0"]
[WhiteElo "1889"]
[BlackElo "1804"]
[Opening "French: King's Indian attack"]
[ECO "C00"]
[Time "13:00:26"]
[TimeControl "2700+45"]

1. e4 e6 2. d3 d5 3. Nd2 c5 4. Ngf3 Nc6 5. g3 g6 6. Bg2 Bg7 7. O-O Nge7 8. exd5
exd5 9. Nb3 b6 10. Re1 O-O 11. c3 a5 12. a4 Bf5 13. d4 c4 14. Nbd2 Rc8 15. Nf1
Qd7 16. Bf4 Rfe8 17. Ne3 Be4 18. Qd2 f6 19. h4 h6 20. Nxc4 Bxf3 21. Nxb6 Qg4 22.
Nxc8 Rxc8 23. Bxf3 Qxf3 24. Bxh6 Nf5 25. Qf4 Qh5 26. Bxg7 Kxg7 27. Re6 Kf7 28.
Rae1 Ne5 29. dxe5 fxe5 30. Qxe5 {Black resigns} 1-0

[Event "Team 45 45 League T67"]
[Site "Internet Chess Club"]
[Date "2015.12.06"]
[Round "1"]
[White "frontier"]
[Black "jjmolina"]
[Result "0-1"]
[WhiteElo "2045"]
[BlackElo "1768"]
[Opening "English: symmetrical variation"]
[ECO "A36"]
[Time "08:16:54"]
[TimeControl "2700+45"]

1. c4 c5 2. Nc3 Nc6 3. g3 Nf6 4. Bg2 e6 5. Nf3 Nd4 6. e3 Nf5 7. O-O Bd6 8. d4
cxd4 9. exd4 a6 10. Bg5 Be7 11. h3 O-O 12. Qd3 d5 13. c5 Bd7 14. g4 Ne8 15. Bxe7
Nxe7 16. Rae1 Ng6 17. Ne5 Nxe5 18. Rxe5 Nf6 19. f4 h6 20. g5 hxg5 21. fxg5 Nh5
22. Qf3 g6 23. Qg4 Rc8 24. Qh4 Bc6 25. Bf3 Ng7 26. Bg4 b5 27. Nd1 Qa5 28. Qf2
Qxa2 29. Ne3 b4 30. Bd1 Bb5 31. Ng4 Nf5 32. Nh6+ Kg7 33. Nxf5+ exf5 34. Rfe1 Bd3
35. Bc2 Be4 36. Bxe4 dxe4 37. d5 Qc4 38. c6 Rfd8 39. Rd1 Rxc6 40. Rd4 Qc1+ 41.
Qf1 Qxg5+ 42. Kh1 Rc1 43. Rd1 Rxd1 44. Qxd1 Rh8 45. Qb3 Qc1+ 46. Kg2 Qd2+ 47.
Kg3 f4+ 48. Kg4 f5+ 49. Rxf5 gxf5+ 50. Kxf5 f3 51. Qc4 Rf8+ 52. Ke6 Qh6+ 53. Kd7
Rf7+ {White resigns} 0-1

[Event "Team 45 45 League T67"]
[Site "Internet Chess Club"]
[Date "2015.12.07"]
[Round "1"]
[White "chess09"]
[Black "HumanTornado"]
[Result "1/2-1/2"]
[WhiteElo "1861"]
[BlackElo "1919"]
[Opening "QGD semi-Slav: Meran, Wade variation"]
[ECO "D47"]
[Time "21:00:15"]
[TimeControl "2700+45"]

1. d4 d5 2. c4 e6 3. Nc3 c6 4. Nf3 Nf6 5. e3 Nbd7 6. Bd3 dxc4 7. Bxc4 b5 8. Bd3
Bb7 9. O-O a6 10. e4 c5 11. e5 cxd4 12. exf6 dxc3 13. fxg7 Bxg7 14. bxc3 Bxc3
15. Bg5 f6 16. Rc1 Rc8 17. Bh4 Qe7 18. Qe2 Bxf3 19. Qxf3 Ne5 20. Qxf6 Qxf6 21.
Bxf6 Nxd3 22. Bxh8 Nxc1 23. Rxc1 b4 24. Kf1 Kd7 25. Bxc3 bxc3 26. Ke2 Rc5 27.
Kd3 e5 28. Rxc3 Ra5 29. Rc2 Ke6 30. f3 Kd5 31. Ke3 Ra4 32. g4 Ra3+ 33. Ke2 Ra4
34. h4 h5 35. gxh5 Rxh4 36. Ke3 Rxh5 37. Rd2+ Kc4 38. Rd6 a5 39. Ra6 Kb5 40. Ra8
Rh2 41. Ke4 Re2+ 42. Kf5 Re3 43. Kg4 e4 44. Kf4 Rxf3+ 45. Kxe4 Rc3 46. Kd4 Rc1
47. Rb8+ Ka4 48. Rb3 Rc2 49. Kd3 Rxa2 50. Kc3 Rh2 51. Rb1 Rg2 52. Ra1+ Kb5 53.
Rb1+ Ka6 54. Kb3 Rg4 55. Rf1 Rg3+ 56. Ka4 Rg4+ 57. Kb3 a4+ 58. Ka3 Kb6 59. Rf6+
Kb5 60. Rf5+ Kc6 61. Ra5 {Game drawn by mutual agreement} 1/2-1/2

[Event "Team 45 45 League T67"]
[Site "Internet Chess Club"]
[Date "2015.12.06"]
[Round "1"]
[White "LittleButton"]
[Black "Schachteufel"]
[Result "1/2-1/2"]
[WhiteElo "1858"]
[BlackElo "1657"]
[Opening "Queen's pawn game"]
[ECO "A46"]
[Time "16:01:21"]
[TimeControl "2700+45"]

1. d4 Nf6 2. Nf3 c5 3. c3 b6 4. Bg5 Bb7 5. Nbd2 e6 6. e3 h6 7. Bh4 Be7 8. Qc2
O-O 9. h3 Nc6 10. Bd3 cxd4 11. exd4 Nh5 12. Bxe7 Qxe7 13. g3 Rac8 14. a3 Nxd4
15. Qd1 Nxf3+ 16. Nxf3 Nf6 17. O-O Qc5 18. Kh2 Qc6 19. Be2 d5 20. Nd4 Qd6 21. f4
a6 22. Re1 Rfe8 23. Bd3 Nd7 24. Qe2 Nc5 25. Bc2 Qb8 26. Rad1 Nd7 27. Qd3 Nf6 28.
Nf3 {Game drawn by mutual agreement} 1/2-1/2

[Event "Team 45 45 League T67"]
[Site "Internet Chess Club"]
[Date "2015.12.06"]
[Round "1"]
[White "Berke"]
[Black "ivanson"]
[Result "1/2-1/2"]
[WhiteElo "1552"]
[BlackElo "1790"]
[Opening "Two knights defense (Modern bishop's opening)"]
[ECO "C55"]
[Time "16:00:32"]
[TimeControl "2700+45"]

1. e4 e5 2. Nf3 Nc6 3. Bc4 Nf6 4. d3 Be7 5. c3 O-O 6. Nbd2 d6 7. Bb3 Na5 8. Bc2
c5 9. O-O Nc6 10. Re1 Re8 11. Nf1 h6 12. Ng3 Be6 13. Nf5 Bf8 14. Ba4 Bxf5 15.
exf5 Qc8 16. Nh4 d5 17. Be3 d4 18. cxd4 exd4 19. Bf4 Nd5 20. Bg3 Qd7 21. Qf3 a6
22. h3 Kh7 23. Bb3 Nf6 24. Bf4 Re7 25. g4 Rae8 26. Rxe7 Nxe7 27. Bxf7 Rd8 28.
Be6 {Game drawn by mutual agreement} 1/2-1/2

[Event "Team 45 45 League T67"]
[Site "Internet Chess Club"]
[Date "2015.12.05"]
[Round "1"]
[White "NFork"]
[Black "frontier"]
[Result "1-0"]
[WhiteElo "2112"]
[BlackElo "2050"]
[Opening "French: Tarrasch, open variation, main line"]
[ECO "C09"]
[Time "09:02:47"]
[TimeControl "2700+45"]

1. e4 e6 2. d4 d5 3. Nd2 c5 4. exd5 exd5 5. Ngf3 Nc6 6. Bb5 Bd6 7. dxc5 Bxc5 8.
O-O Ne7 9. Nb3 Bb6 10. Re1 O-O 11. Be3 Bg4 12. Bxb6 axb6 13. Be2 Qd6 14. Nfd4
Be6 15. c3 Rad8 16. Bg4 Bxg4 17. Qxg4 Ne5 18. Qg3 N5g6 19. Qxd6 Rxd6 20. Re3 Nc6
21. Rae1 h6 22. g3 Rfd8 23. f4 R6d7 24. f5 Nf8 25. Kf2 Nh7 26. Re8+ Nf8 27. Nxc6
bxc6 28. Nd4 c5 29. Nc6 Rxe8 30. Rxe8 f6 31. Nd8 b5 32. Ne6 Rf7 33. Ke3 {Black
resigns} 1-0

[Event "Team 45 45 League T67"]
[Site "Internet Chess Club"]
[Date "2015.12.06"]
[Round "1"]
[White "JJ12"]
[Black "spand42"]
[Result "0-1"]
[WhiteElo "2034"]
[BlackElo "2054"]
[Opening "Ruy Lopez: Anderssen variation"]
[ECO "C77"]
[Time "17:04:11"]
[TimeControl "2700+45"]

1. e4 e5 2. Nf3 Nc6 3. Bb5 a6 4. Ba4 Nf6 5. d3 b5 6. Bb3 Bc5 7. a4 Rb8 8. axb5
axb5 9. Nc3 d6 10. Nd5 Nxd5 11. exd5 Nd4 12. Nxd4 Bxd4 13. O-O O-O 14. c3 Bb6
15. Be3 Bxe3 16. fxe3 Bd7 17. Bc2 Qg5 18. Qf3 f5 19. Ra7 Rbc8 20. d4 e4 21. Qf4
Qxf4 22. exf4 Be8 23. Rb7 Bf7 24. Bb3 c6 25. Ra1 Ra8 26. Raa7 Rxa7 27. Rxa7 Bxd5
28. Bxd5+ cxd5 29. Rb7 Ra8 30. Rxb5 Ra1+ 31. Kf2 Rb1 32. Rb7 Kf8 33. h3 h5 34.
Kg3 h4+ 35. Kf2 Rc1 36. Rb5 Rc2+ 37. Kf1 Rc1+ 38. Ke2 Rc2+ 39. Ke3 Rxg2 40. Rxd5
Rg3+ 41. Ke2 Rxh3 42. Rxf5+ Ke7 43. c4 Ke6 44. Rg5 Rh1 45. Kf2 h3 46. Rg3 Kf5
47. c5 dxc5 48. dxc5 Kxf4 49. Rc3 e3+ 50. Ke2 Rh2+ 51. Kd3 Rd2+ 52. Kc4 e2
{White resigns} 0-1

[Event "Team 45 45 League T67"]
[Site "Internet Chess Club"]
[Date "2015.12.06"]
[Round "1"]
[White "gtmorton"]
[Black "SlimeDog2"]
[Result "1-0"]
[WhiteElo "2057"]
[BlackElo "2003"]
[Opening "King's Indian: Torre attack"]
[ECO "A48"]
[Time "19:05:37"]
[TimeControl "2700+45"]

1. d4 Nf6 2. Nf3 g6 3. Bg5 Bg7 4. Nbd2 d5 5. e3 b6 6. Bd3 Bb7 7. O-O Nbd7 8. c4
dxc4 9. Bxc4 O-O 10. Re1 h6 11. Bf4 Nh5 12. Bg3 Nxg3 13. hxg3 e5 14. dxe5 Nxe5
15. Nxe5 Bxe5 16. Qc2 Qf6 17. Rab1 Qc6 18. Nf3 Bg7 19. Rec1 Qf6 20. Qe2 c5 21.
b3 Rad8 22. Rd1 Be4 23. Bd3 Bb7 24. Rd2 Rd7 25. Rbd1 Rfd8 26. Bc4 Rxd2 27. Rxd2
Rxd2 28. Qxd2 Bc6 29. a4 h5 30. Qd3 Bf8 31. Nd2 Kg7 32. Ne4 Qa1+ 33. Kh2 Qe5 34.
Nc3 h4 35. f4 Qh5 36. Nd5 f6 37. Nxf6 Kxf6 38. Qd8+ Be7 39. Qg8 hxg3+ 40. Kxg3
g5 41. Qe6+ Kg7 42. Qxe7+ Kh8 43. Qf8+ Kh7 44. Bg8+ {Black resigns} 1-0

[Event "Team 45 45 League T67"]
[Site "Internet Chess Club"]
[Date "2015.12.06"]
[Round "1"]
[White "passedpawn"]
[Black "Gilligan"]
[Result "1/2-1/2"]
[WhiteElo "1827"]
[BlackElo "1999"]
[Opening "Queen's bishop game"]
[ECO "D02"]
[Time "14:00:38"]
[TimeControl "2700+45"]

1. d4 Nf6 2. Nf3 d5 3. Bf4 e6 4. e3 c5 5. c3 Nc6 6. Nbd2 Bd6 7. Bg3 O-O 8. Bd3
b6 9. Qe2 Bb7 10. Ne5 Bxe5 11. dxe5 Nd7 12. f4 f6 13. Qh5 g6 14. Bxg6 hxg6 15.
Qxg6+ Kh8 16. Qh6+ Kg8 17. Qg6+ Kh8 18. Qh6+ Kg8 19. Qg6+ {Game drawn by
repetition} 1/2-1/2